AoeStats
← Aether Rite

Arabian Desert

510179416Analyzed
1v1 RM · 3d ago on Sep 29, 2026· 41m 47s· 2 players
Game mode
Random Map
Map size
Tiny (2 player)
Population
200
Speed
Normal
Resources
Standard
Victory
Conquest
Starting age
Dark Age
Ending age
Imperial Age
RankedLock teamsTeams togetherTeam positionsShared explorationLock speedFull tech treeHidden civsTurbo modeCheats
Victory
Defeat
🇩🇪 Burgundians · Germany
927
+17
🇨🇦 Vietnamese · Canada
955
-50
charybdis37
6:43 Loom
6:46 Loom
9:50 Feudal Age
8:24 Double-Bit Axe
9:19 Horse Collar
19:26 Bow Saw
20:16 Wheelbarrow
22:37 Castle Age
21:41 Heavy Plow
21:45 Fletching
23:22 Padded Archer Armor
23:22 Scale Mail Armor
23:02 Elite Skirmisher
25:03 Forging
24:50 Bodkin Arrow
25:33 Padded Archer Armor
28:48 Leather Archer Armor
30:28 Scale Mail Armor
30:39 Forging
36:12 Imperial Age
34:46 Ballistics
36:50 Chain Mail Armor
37:10 Iron Casting
38:17 Two-Man Saw
37:49 Crop Rotation
38:29 Chemistry
37:36 Bracer
38:07 Plate Mail Armor
38:18 Iron Casting
37:37 Arson
37:52 Squires
41:30 Conscription
43:05 Blast Furnace
Aether Rite
7:34 Loom
11:03 Feudal Age
11:30 Double-Bit Axe
11:27 Horse Collar
12:27 Wheelbarrow
17:17 Town Watch
21:53 Castle Age
21:47 Fletching
22:09 Forging
22:00 Scale Mail Armor
22:05 Stone Mining
22:08 Gold Mining
22:57 Hand Cart
23:11 Bow Saw
23:44 Heavy Plow
24:26 Squires
25:43 Pikeman
26:18 Elite Skirmisher
28:34 Bodkin Arrow
29:13 Ballistics
30:17 Murder Holes
31:01 Padded Archer Armor
31:40 Masonry
31:44 Fortified Wall
33:13 Husbandry
34:11 Bloodlines
35:18 Treadmill Crane
35:50 Masonry
37:30 Iron Casting
39:34 Imperial Age
39:00 Chain Mail Armor
39:00 Leather Archer Armor
40:33 Imperial Skirmisher
40:49 Cavalier
41:37 Scale Barding Armor
Connection lost

Rejoining the realm…

Still unreachable

The connection could not be restored.

Session expired

The server has moved on; the page needs a fresh start.